 Dungeon Crawl Stone Soup version 0.20.0-9-g8272e65 (webtiles) character file.

22605 Chiseanne the Nimble (level 12, -2/108 HPs)
             Began as a Minotaur Monk on June 3, 2017.
             Was the Champion of Makhleb.
             Killed from afar by an ice dragon (26 damage)
             ... with a blast of cold
             ... on level 14 of the Dungeon.
             The game lasted 00:31:11 (13791 turns).

Chiseanne the Nimble (Minotaur Monk)               Turns: 13791, Time: 00:31:12

Health: -2/108     AC: 12    Str: 17    XL:     12   Next: 64%
Magic:  18/18      EV: 22    Int:  7    God:    Makhleb [******]
Gold:   821        SH:  0    Dex: 21    Spells: 11/11 levels left

rFire    . . .     SeeInvis .   s - +2 dire flail (protect)
rCold    . . .     Gourm    .   (shield currently unavailable)
rNeg     . . .     Faith    +   g - +2 leather armour of Royalty {Dex+4}
rPois    .         Spirit   .   (helmet restricted)
rElec    .         Reflect  .   A - +1 cloak
rCorr    .         Harm     .   (no gloves)
MR       .....                  (no boots)
Stlth    ++........             i - amulet of faith
Regen    0.3/turn               v - +5 ring of protection
MPRegen  0.2/turn               (no ring)

@: slowed, very slow
A: retaliatory headbutt, horns 2
a: Minor Destruction, Lesser Servant of Makhleb, Major Destruction, Greater
Servant of Makhleb, Renounce Religion


You were on level 14 of the Dungeon.
You worshipped Makhleb.
Makhleb was exalted by your worship.
You were not hungry.

You visited 2 branches of the dungeon, and saw 15 of its levels.

You collected 956 gold pieces.
You spent 135 gold pieces at shops.

Inventory:

Hand Weapons
 a - the +2 quarterstaff of Rimekkun {crush, rElec rC+ rN+}
   (You found it on level 10 of the Dungeon)

   It inflicts extra damage upon your enemies.
   It protects you from cold.
   It insulates you from electricity.
   It protects you from negative energy.
 d - a +0 hand axe
 e - the +7 arbalest "Zistraef" {flame, rPois}
   (You found it on level 10 of the Dungeon)

   It causes projectiles fired from it to burn those they strike, causing extra
   injury to most foes and up to half again as much damage against particularly
   susceptible opponents.
   It protects you from poison.
 r - a +2 scimitar of flaming
 s - a +2 dire flail of protection (weapon)
 w - a +4 blowgun
Missiles
 q - 50 poisoned needles
 u - 84 bolts
 B - 329 arrows
 C - 3 poisoned tomahawks
 F - 18 tomahawks (quivered)
 H - 335 stones
 M - 37 sling bullets
 W - 6 needles of sleeping
Armour
 g - the +2 leather armour of Royalty (worn) {Dex+4}
   (You found it on level 5 of the Dungeon)

   It affects your dexterity (+4).
 A - a +1 cloak (worn)
 S - a +0 shield
 U - a +0 troll leather armour
Jewellery
 i - an amulet of faith (around neck)
 o - a +3 amulet of reflection
 v - a +5 ring of protection (left hand)
 K - an uncursed amulet of guardian spirit
Wands
 j - a wand of iceblast (9/15)
 y - a wand of acid (4/15)
 L - a wand of lightning (3/15)
 P - a wand of digging (12/24)
Scrolls
 b - 4 scrolls of fear
 f - 6 scrolls of amnesia
 p - 3 scrolls of recharging
 t - 5 scrolls of teleportation
 D - 2 scrolls of fog
 J - a scroll of enchant weapon
 Q - 2 scrolls of blinking
 T - a scroll of magic mapping
 V - a scroll of enchant armour
 X - 2 scrolls of remove curse
Potions
 h - 4 potions of brilliance
 m - 5 potions of curing
 n - 2 potions of might {unknown}
 x - 3 potions of ambrosia
 z - 4 potions of heal wounds
 E - a potion of haste
 O - a potion of resistance {unknown}
 R - 3 potions of flight {unknown}
 Y - a potion of degeneration {unknown}
Books
 I - a book of Transfigurations

   Spells                             Type                      Level
   a - Irradiate                      Conjuration/Transmutation    5
   b - Statue Form                    Transmutation/Earth          6
   c - Hydra Form                     Transmutation                6
   d - Dragon Form                    Transmutation                7
Miscellaneous
 N - a box of beasts
Comestibles
 c - 11 bread rations
 k - 4 meat rations
 G - 8 royal jellies


   Skills:
 * Level 10.9 Fighting
 - Level 10.3 Axes
 - Level 7.6 Staves
 * Level 7.3 Crossbows
 - Level 4.3 Armour
 * Level 12.3 Dodging
 - Level 1.5 Stealth
 * Level 10.0 Invocations


You had 11 spell levels left.
You didn't know any spells.

Dungeon Overview and Level Annotations

Branches:
Dungeon (14/15)            Temple (1/1) D:5            Lair (0/6) D:11
    Orc (0/2) D:11
 Vaults: D:13-14

Altars:
Ashenzari
Cheibriados
Dithmenos
Elyvilon
Fedhas
Gozag
Hepliaklqana
Kikubaaqudgha
Makhleb
Nemelex Xobeh
Okawaru
Qazlal
Ru
Sif Muna
Trog
Uskayaw
Vehumet
Xom
Yredelemnul
Zin
The Shining One

Shops:
D:7 ?   D:12 }

Annotations:
D:5 1 exclusion


Innate Abilities, Weirdness & Mutations

You reflexively headbutt those who attack you in melee.
You have a pair of horns on your head.


Message History

The bolt of electricity hits you! You resist. Something closely misses you.
You sock the shock serpent!
You kill the shock serpent!
Makhleb accepts your kill.
You feel better.
Your Invocations skill increases to level 10!
The air sparks with electricity, shocking you!
Something hits you.
* * * LOW HITPOINT WARNING * * *
Something hits you!
* * * LOW HITPOINT WARNING * * *
Something drains your vigour!
You feel as though you will be slow longer.
An iron troll comes into view.
Wield which item (- for none, * to show all)? (? for menu, Esc to quit)
Your +2 dire flail of protection hums with potential!
s - a +2 dire flail of protection (weapon)
The ice dragon breathes frost at you. The blast of cold hits you!
You die...

##.# #..# ###.#####
##########.......#
.................#######
..##...#####..........#
............#....#####.####
...#######..#....# #.....
.. #@.#....# ######
#D{#.#### #T.#.# ...#.#
#########.# ..........#
########..# #######.###
#####
.........)########....


You could see an ice dragon and an iron troll.

Vanquished Creatures
  3 two-headed ogres
  2 death yaks
  A tengu warrior (D:9)
  A shock serpent (shapeshifter) (D:14)
  Nergalle (D:11)
  A skeletal warrior (D:14)
  2 unseen horrors
  A cyclops (D:12)
  A centaur skeleton (D:14)
  The ghost of Kosschaser the Cleaver, a novice HOBe of Trog (D:5)
  A kobold demonologist (D:11)
  4 trolls
  3 meliai (D:14)
  A queen bee (shapeshifter) (D:12)
  A hornet (D:10)
  3 hippogriffs
  A shadow (D:13)
  A wraith (D:9)
  A vampire (D:13)
  A human (D:13)
  19 yaks
  A wyvern (D:8)
  A hog (D:13)
  A fire elemental (D:13)
  2 hungry ghosts
  A swamp worm (shapeshifter) (D:9)
  A sky beast (D:11)
  4 ice beasts
  4 orc warriors
  4 phantoms
  A necrophage (D:9)
  12 centaurs
  8 ogres
  A crocodile (D:9)
  2 big kobolds
  A gnoll sergeant (D:6)
  5 bullfrogs
  5 scorpions
  5 killer bees (D:7)
  3 wights (D:7)
  7 howler monkeys
  A bullfrog zombie (D:10)
  7 crimson imps
  14 hounds
  2 orc priests (D:10)
  3 jellies
  6 iguanas
  14 worker ants
  11 orc wizards
  A killer bee zombie (D:7)
  8 gnolls
  16 adders
  3 shadow imps
  2 adder skeletons
  2 worms (D:3)
  9 leopard geckos
  32 orcs
  3 ball pythons
  2 giant cockroaches
  8 hobgoblins
  2 jackals (D:5)
  3 quokkas
  7 bats
  4 frilled lizards
  14 goblins
  18 kobolds
  2 quokka skeletons
  7 rats
320 creatures vanquished.

Vanquished Creatures (collateral kills)
  Azrael (D:13)
  A two-headed ogre (D:13)
  A death yak (D:11)
  A black mamba (shapeshifter) (D:13)
  A gargoyle (D:13)
  5 yaks (D:13)
  3 fire elementals (D:13)
  An acid dragon (D:13)
  2 hell hounds (D:13)
  A bullfrog (D:13)
  A scorpion (D:13)
  A bullfrog zombie (D:13)
  An orc wizard (D:13)
  A shadow imp (D:13)
  3 orcs (D:13)
24 creatures vanquished.

Vanquished Creatures (others)
  A centaur (D:9)
1 creature vanquished.

Grand Total: 345 creatures vanquished

Notes
Turn   | Place    | Note
-------+----------+-------------------------------------------
     0 | D:1      | Chiseanne the Minotaur Monk began the quest for the Orb.
     0 | D:1      | Reached XP level 1. HP: 19/19 MP: 0/0
   289 | D:1      | Reached skill level 1 in Armour
   512 | D:1      | Reached XP level 2. HP: 16/27 MP: 1/1
   840 | D:2      | Found an ancient bone altar of Kikubaaqudgha.
   932 | D:2      | Found a sacrificial altar of Ru.
  1023 | D:2      | Reached XP level 3. HP: 25/33 MP: 2/2
  1117 | D:2      | Found a shattered altar of Ashenzari.
  1257 | D:2      | Found a radiant altar of Vehumet.
  1298 | D:2      | Reached XP level 4. HP: 37/41 MP: 3/3
  1795 | D:3      | Reached skill level 4 in Dodging
  2150 | D:3      | Found a glowing silver altar of Zin.
  2460 | D:3      | Found a sparkling altar of Nemelex Xobeh.
  2461 | D:3      | Found an opulent altar of Gozag.
  2614 | D:4      | Reached skill level 5 in Fighting
  2614 | D:4      | Reached XP level 5. HP: 43/48 MP: 4/4
  2909 | D:4      | Reached skill level 5 in Axes
  2945 | D:4      | Reached XP level 6. HP: 38/56 MP: 5/5
  3191 | D:4      | Found an iron altar of Okawaru.
  3722 | D:5      | Entered Level 5 of the Dungeon
  3734 | D:5      | Found a staircase to the Ecumenical Temple.
  3756 | Temple   | Entered the Ecumenical Temple
  3884 | Temple   | Became a worshipper of Makhleb the Destroyer
  3884 | Temple   | Reached * piety under Makhleb
  3884 | Temple   | Reached ** piety under Makhleb
  3952 | D:5      | Reached skill level 5 in Dodging
  4319 | D:5      | Reached XP level 7. HP: 23/63 MP: 6/6
  4390 | D:5      | Noticed Kosschaser's ghost (novice HOBe)
  4570 | D:5      | Got an encrusted leather armour
  4581 | D:5      | Identified the +2 leather armour of Royalty {Dex+4} (You found it on level 5 of the Dungeon)
  4633 | D:5      | Reached skill level 1 in Invocations
  4721 | D:5      | Found a bloodstained altar of Trog.
  4965 | D:5      | Killed Kosschaser's ghost
  4965 | D:5      | Reached skill level 6 in Dodging
  4965 | D:5      | Reached XP level 8. HP: 51/73 MP: 6/8
  5536 | D:6      | Reached *** piety under Makhleb
  5646 | D:6      | Reached skill level 7 in Dodging
  5870 | D:7      | Found Retz's Magic Scroll Shoppe.
  5879 | D:7      | Bought a scroll of remove curse for 45 gold pieces
  5879 | D:7      | Bought a scroll of fog for 30 gold pieces
  5879 | D:7      | Bought a scroll of identify for 30 gold pieces
  5879 | D:7      | Bought a scroll of identify for 30 gold pieces
  5985 | D:7      | Reached XP level 9. HP: 79/81 MP: 9/11
  6457 | D:8      | Found a white marble altar of Elyvilon.
  6847 | D:8      | Noticed a two-headed ogre
  6854 | D:8      | Reached skill level 5 in Invocations
  6869 | D:8      | Killed a two-headed ogre
  6869 | D:8      | Reached skill level 8 in Dodging
  7064 | D:8      | Found a shimmering altar of Xom.
  7101 | D:8      | Reached **** piety under Makhleb
  7419 | D:9      | Found a white marble altar of Elyvilon.
  7423 | D:9      | Reached XP level 10. HP: 60/91 MP: 13/13
  7638 | D:9      | Noticed a tengu warrior
  7656 | D:9      | Killed a tengu warrior
  7656 | D:9      | Reached skill level 9 in Dodging
  7855 | D:9      | Reached skill level 10 in Fighting
  7860 | D:9      | Reached skill level 10 in Axes
  8001 | D:9      | Reached ***** piety under Makhleb
  8403 | D:9      | Found a deep blue altar of Sif Muna.
  8482 | D:9      | Found a shadowy altar of Dithmenos.
  8709 | D:10     | Entered Level 10 of the Dungeon
  8778 | D:10     | Got a smoking arbalest
  8782 | D:10     | Identified the +7 arbalest "Zistraef" {flame, rPois} (You found it on level 10 of the Dungeon)
  8881 | D:10     | Killed an unseen horror
  8881 | D:10     | Reached skill level 1 in Crossbows
  8881 | D:10     | Reached skill level 10 in Dodging
  9095 | D:10     | Reached XP level 11. HP: 97/101 MP: 15/15
  9220 | D:10     | Got a brightly glowing quarterstaff
  9228 | D:10     | Identified the cursed +2 quarterstaff of Rimekkun {crush, rElec rC+ rN+} (You found it on level 10 of the Dungeon)
  9664 | D:11     | Noticed a two-headed ogre
  9668 | D:11     | Noticed a death yak
  9672 | D:11     | Noticed a death yak
  9673 | D:11     | Noticed a death yak
  9673 | D:11     | Killed a two-headed ogre
  9673 | D:11     | Reached skill level 1 in Staves
  9698 | D:11     | Killed a death yak
 10003 | D:10     | Killed a death yak
 10184 | D:11     | Found a staircase to the Lair.
 10187 | D:11     | Killed a death yak
 10692 | D:11     | Found a staircase to the Orcish Mines.
 10850 | D:11     | Noticed Nergalle
 10856 | D:11     | Killed Nergalle
 10979 | D:12     | Found a shattered altar of Ashenzari.
 11275 | D:12     | Noticed a soul eater
 11279 | D:11     | Reached skill level 11 in Dodging
 11397 | D:12     | Reached skill level 5 in Crossbows
 11402 | D:12     | Reached skill level 5 in Staves
 11685 | D:12     | Found Qiyko's Gadget Emporium.
 12112 | D:13     | Noticed a two-headed ogre
 12116 | D:13     | Killed a two-headed ogre
 12116 | D:13     | Reached XP level 12. HP: 108/108 MP: 17/17
 12172 | D:13     | Noticed Azrael
 12185 | D:13     | Killed Azrael
 12226 | D:13     | Noticed a two-headed ogre
 12231 | D:13     | Killed a two-headed ogre
 13096 | D:13     | Reached ****** piety under Makhleb
 13193 | D:13     | Reached skill level 12 in Dodging
 13558 | D:14     | Noticed a death knight
 13787 | D:14     | Noticed an ice dragon
 13790 | D:14     | Reached skill level 10 in Invocations
 13791 | D:14     | Killed from afar by an ice dragon

Skill      XL: |  1  2  3  4  5  6  7  8  9 10 11 12 |
---------------+-------------------------------------+-----
Armour         | 1 2 3 4 |  4.3
Fighting       | 4 5 6 7 8 9 10 | 10.9
Axes           | 4 5 6 8 9 10 | 10.3
Dodging        | 4 5 6 7 8 10 11 12 | 12.3
Invocations    | 2 4 5 7 9 10 | 10.0
Crossbows      | 1 5 7 |  7.3
Staves         | 5 7 |  7.6
Stealth        | |  1.5

Action                   |  1- 3 |  4- 6 |  7- 9 | 10-12 || total
-------------------------+-------+-------+-------+-------++-------
Melee: Hand axe          |    57 |   166 |   242 |       ||   465
       Headbutt          |     8 |    31 |    81 |   170 ||   290
       Short sword       |       |    69 |     2 |       ||    71
       Trident           |       |       |    82 |   185 ||   267
       Quarterstaff      |       |       |       |   419 ||   419
       Dire flail        |       |       |       |    24 ||    24
 Fire: Arbalest          |       |       |       |     5 ||     5
Invok: Lesser Servant of |       |       |       |     3 ||     3
       Greater Servant o |       |       |       |     1 ||     1
  Use: Scroll            |       |     8 |     6 |     8 ||    22
       Potion            |       |       |     4 |     7 ||    11
 Stab: Paralysed         |     1 |       |       |       ||     1
       Sleeping          |       |       |     5 |     8 ||    13
       Distracted        |       |       |     1 |       ||     1
  Eat: Chunk             |     1 |     9 |    11 |    22 ||    43
       Fruit             |       |       |       |     3 ||     3
Armor: Robe              |     1 |       |       |       ||     1
       Ring mail         |    13 |    14 |       |       ||    27
       Scale mail        |       |    82 |     7 |       ||    89
       Skin              |       |       |    30 |       ||    30
       Leather armour    |       |       |    67 |   224 ||   291
Dodge: Dodged            |    33 |   135 |   238 |   695 ||  1101
